 Dungeon Crawl Stone Soup version 0.27.1-3-gb3d3a73c9e (webtiles) character file.

Game seed: 611071367408886656

198 Descartes the Ruffian (level 5, -1/73 HPs)
             Began as a Troll Warper on Oct 29, 2021.
             Was a Believer of Qazlal.
             Succumbed to a scorpion's poison
             ... on level 4 of the Dungeon.
             The game lasted 00:05:24 (2749 turns).

Descartes the Ruffian (Troll Warper)                Turns: 2749, Time: 00:05:25

Health: -1/73      AC: 22    Str: 19    XL:     5   Next: 47%
Magic:  6/6        EV:  1    Int: 10    God:    Qazlal [**....]
Gold:   104        SH:  3    Dex:  9    Spells: 7/7 levels left

rFire    . . .     SeeInvis .     - Unarmed
rCold    . . .     Faith    .   (no shield)
rNeg     + + +     Spirit   .   (armour currently unavailable)
rPois    +         Reflect  .   (helmet currently unavailable)
rElec    .         Harm     .   (cloak currently unavailable)
rCorr    .         Rampage  .   (gloves unavailable)
Will     .....     NoTele   +   (boots unavailable)
Stlth    +.........             (no amulet)
HPRegen  1.22/turn              (no ring)
MPRegen  0.10/turn              (no ring)

@: lethally poisoned (-1 -> -16), tree-form
A: stationary, stasis, torment immunity, boosted hp, large, unfitting armour,
(claws 3), regeneration 1, (shaggy fur 1), (tough skin 1)
a: Renounce Religion, Upheaval


You were on level 4 of the Dungeon.
You worshipped Qazlal.
Qazlal was pleased with you.
You were a tree.
You visited 1 branch of the dungeon, and saw 4 of its levels.

You collected 104 gold pieces.

Inventory:

Missiles
 c - 5 boomerangs of dispersal (quivered)
 f - 6 atropa-tipped darts
 j - 21 stones
 n - 4 large rocks
 p - 22 poisoned darts
 x - 3 javelins
Armour
 a - a +0 robe (melded)
Wands
 t - a wand of polymorph (9)
Scrolls
 b - 2 scrolls of blinking
 d - 2 scrolls of enchant weapon {unknown}
 e - a scroll of torment {unknown}
 g - a scroll of enchant armour {unknown}
 i - a scroll of fog {unknown}
 o - a scroll of fear {unknown}
 q - 2 scrolls of identify {unknown}
 r - a scroll of brand weapon {unknown}
 u - 2 scrolls of amnesia {unknown}
 v - a scroll of summoning {unknown}
Potions
 h - a potion of degeneration {unknown}
 k - a potion of invisibility {unknown}
 l - 3 potions of lignification
 m - a potion of curing {unknown}
 s - a potion of brilliance {unknown}
 w - a potion of resistance {unknown}


   Skills:
 + Level 2.2 Fighting
 + Level 2.0 Throwing
 + Level 2.5 Dodging
 + Level 2.8 Unarmed Combat
 + Level 1.8 Spellcasting
 + Level 2.7 Translocations
 + Level 1.0 Invocations


You had 7 spell levels left.
You didn't know any spells.
Your spell library contained the following spells:

 Spells                   Type           Power      Damage    Failure   Level
 Blink                    Tloc           N/A        N/A       16%         2
 Gell's Gravitas          Tloc           3%         N/A       30%         3
 Lesser Beckoning         Tloc           3%         N/A       30%         3
 Teleport Other           Tloc           6%         N/A       30%         3
 Manifold Assault         Tloc           6%         N/A       96%         5


Dungeon Overview and Level Annotations

Branches:
Dungeon (4/15)
 Temple: D:4-7

Altars:
Elyvilon
Qazlal
Ru


Innate Abilities, Weirdness & Mutations

You are a tree.
Your roots penetrate the ground, keeping you stationary.
You cannot be teleported.
You are immune to unholy pain and torment.
Your maximum health is greatly increased.
Your equipment is partially melded.
You are too large for most types of armour.
((You have claws for hands.))
Your natural rate of healing is unusually fast.
((You are covered in fur. (AC +1)))
((You have tough skin. (AC +1)))


Message History

The orc closely misses you. The orc hits you with a +0 short sword.
You barely miss the scorpion. The scorpion barely misses you.
The orc barely misses you. The orc hits you but does no damage.
The scorpion barely misses you.
You scratch the scorpion but do no damage.
The orc hits you but does no damage. The orc hits you with a +0 short sword.
The scorpion stings you.
You are poisoned.
The scorpion poisons you!
You scratch the scorpion but do no damage.
You feel sick. The orc barely misses you. The scorpion stings you.
You are more poisoned.
The scorpion poisons you! The orc misses you.
You scratch the scorpion.
The scorpion is lightly wounded.
You feel very sick. You block the scorpion's attack.
The orc hits you with a +0 whip. The orc hits you with a +0 short sword.
You scratch the scorpion but do no damage.
The scorpion is lightly wounded.
You feel very sick. The ball python misses you. The scorpion stings you.
You are more poisoned.
The scorpion poisons you! The orc hits you with a +0 whip.
The orc closely misses you.
You closely miss the scorpion.
The scorpion is lightly wounded.
You feel very sick.
The ball python bites you but does no damage.
The scorpion stings you!
* * * LOW HITPOINT WARNING * * *
You are lethally poisoned!
The scorpion poisons you! The orc hits you with a +0 whip.
* * * LOW HITPOINT WARNING * * *
The orc hits you with a +0 short sword.
* * * LOW HITPOINT WARNING * * *
You block the ball python's attack.
It was a potion of lignification.
You turn into a tree.
Your +0 robe melds into your body.
Your roots penetrate the ground.
You die...

#......# #......#
#......########### .
###................#'#
##.###'###.............
#........#.............
#........'.............
#........#....Sso......
###########)....♣oo.....
#..........##+#########+
#..........+
#..........#
#..........#
#..........#
...........####
................
................


You could see a scorpion, 3 orcs and a ball python.

Vanquished Creatures
  A jelly (D:3)
  Ijyb (D:3)
  3 adders (D:2)
  4 worms (D:2)
  7 dart slugs
  3 orcs
  5 bats
  4 endoplasms
  7 giant cockroaches
  9 goblins
  3 hobgoblins (D:1)
  6 jackals
  9 kobolds
  5 quokkas
  6 ball pythons
  3 frilled lizards
  12 rats
88 creatures vanquished.

Notes
Turn   | Place    | Note
-------+----------+-------------------------------------------
     0 | D:1      | Descartes the Troll Warper began the quest for the Orb.
     0 | D:1      | Reached XP level 1. HP: 19/19 MP: 1/1
    35 | D:1      | Reached skill level 1 in Throwing
    63 | D:1      | Reached XP level 2. HP: 27/28 MP: 3/3
   280 | D:1      | Reached XP level 3. HP: 35/35 MP: 4/4
   658 | D:1      | Found a faded altar of an unknown god.
   818 | D:1      | Became a worshipper of Qazlal Stormbringer
   818 | D:1      | Reached * piety under Qazlal
  1037 | D:2      | Reached XP level 4. HP: 41/42 MP: 5/5
  1458 | D:2      | Reached ** piety under Qazlal
  2151 | D:3      | Reached XP level 5. HP: 35/49 MP: 6/6
  2307 | D:3      | Noticed Ijyb
  2309 | D:3      | Found a white marble altar of Elyvilon.
  2313 | D:3      | Killed Ijyb
  2314 | D:3      | Reached skill level 1 in Invocations
  2671 | D:4      | Found a sacrificial altar of Ru.
  2748 | D:4      | HP: 1/49 [orc (3)]
  2749 | D:4      | Succumbed to a scorpion's poison

Illustrated notes

Levels and vault maps discovered:
D:1:      scummos_arrival_forest, layout_basic, shapermc_ecumenical_altar_petra
D:2:      minmay_recursive_quarters, layout_loops_corners, grunt_ministairs_6,
          minmay_pentomino_s4
D:3:      layout_basic, elyvilon_altar_3, st_stairs_11, kennysheep_another_room,
          uniq_ijyb
D:4:      layout_gridville, okawaru_metal_pillars_1_2,
          mainiacjoe_overflow_small_starburst, jmf_multi_god_temple2,
          uniq_duvessa

Skill      XL: |  1  2  3  4  5 |
---------------+----------------+-----
Throwing       | 1 2 |  2.0
Dodging        | 2 |  2.5
Fighting       | 2 |  2.2
Invocations    | 1 |  1.0
Unarmed Combat | |  2.8
Spellcasting   | |  1.8
Translocations | |  2.7

Action                   |  1- 3 |  4- 6 || total
-------------------------+-------+-------++-------
Melee: Unarmed           |   119 |   149 ||   268
  Use: Potion            |       |     1 ||     1
Armor: Robe              |    44 |    46 ||    90
Dodge: Dodged            |    76 |    69 ||   145
Block: Other             |     2 |    11 ||    13
